 Dungeon Crawl Stone Soup version 0.32-a0-913-g739538afd8 (webtiles) character file.

Game seed: 112762678220413780

41 Autsider the Magician (level 3, -7/36 HPs)
             Began as an Oni Hedge Wizard on Apr 8, 2024.
             Mangled by a gnoll
             ... wielding a +0 club
              (9 damage)
             ... on level 1 of the Dungeon.
             The game lasted 00:03:50 (1047 turns).

Autsider the Magician (Oni Hedge Wizard)            Turns: 1047, Time: 00:03:51

Health: -7/36      AC:  1    Str: 16    XL:     3   Next: 52%
Magic:  0/8        EV:  9    Int: 15    God:
Gold:   42         SH:  0    Dex:  8    Spells: 1/9 levels left

rFire   . . .        b - +0 club
rCold   . . .        (no shield)
rNeg    . . .        (body armour restricted)
rPois   .            c - +0 hat
rElec   .            (no cloak)
rCorr   .            (gloves unavailable)
SInv    .            (boots unavailable)
Will    .....        (no amulet)
Stlth   +            (no ring)
HPRegen 0.26/turn    (no ring)
MPRegen 0.11/turn

%: no passive effects
@: very slightly contaminated
A: large, unfitting armour, horns 1, tough skin 1, double potion healing,
drunken brawling
a: no special abilities


You were on level 1 of the Dungeon.
You visited 1 branch of the dungeon, and saw 2 of its levels.

You collected 42 gold pieces.

Inventory:

Hand Weapons
 b - a +0 club (weapon)
Armour
 c - a +0 hat (worn)
Scrolls
 a - a scroll of identify {unknown}
 e - a scroll of enchant weapon {unknown}
 g - a scroll of teleportation {unknown}
 h - a scroll of fear {unknown}
 j - 2 scrolls of revelation
Potions
 d - a potion of magic
 f - a potion of resistance {unknown}
 i - a potion of mutation {unknown}


   Skills:
 * Level 2.3 Fighting
 + Level 2.2 Dodging
 - Level 1.4 Stealth
 + Level 3.9 Spellcasting
 + Level 1.4 Conjurations
 + Level 1.0 Summonings
 - Level 0.8 Translocations


You had one spell level left.
You knew the following spells:

 Your Spells              Type           Power      Damage    Failure   Level
a - Magic Dart            Conj           28%        1d4       11%         1
w - Mephitic Cloud        Conj/Alch/Air  4%         N/A       41%         3
z - Blink                 Tloc           10%        N/A       19%         2
A - Call Imp              Summ           12%        N/A       19%         2

Your spell library contained the following spells:

 Spells                   Type           Power      Damage    Failure   Level
 Summon Small Mammal      Summ           24%        N/A       12%         1
 Apportation              Tloc           10%        N/A       13%         1
 Sting                    Conj/Alch      20%        1d4       14%         1
 Necrotise                Necr           8%         1d4       19%         1
 Slow                     Hex            8%         N/A       19%         1
 Cigotuvi's Dreadful Rot  Necr/Alch/Air  4%         N/A       28%         2


Dungeon Overview and Level Annotations

Branches:
Dungeon (2/15)

Altars:


Innate Abilities, Weirdness & Mutations

You are too large for most types of armour.
You have a pair of small horns on your head.
You have tough skin. (AC +1)
You gain doubled healing and magic from potions.
Whenever you drink a healing potion, you attack all around you.


Message History

Confirm with . or Enter, or press ? or * to list all spells.
Aiming: Magic Dart (safe; 11% risk of failure)
Press: ? - help, Shift-Dir - straight line, f/p - gnoll
Aim: a gnoll, wielding a +2 flail of holy wrath (almost dead, 100% to hit)
The magic dart hits the gnoll but does no damage.
The gnoll is almost dead.
The gnoll hits you with a +2 flail of holy wrath!
The gnoll hits you with a +2 flail of holy wrath!
* * * LOW HITPOINT WARNING * * *
The gnoll hits you with a +0 club.
* * * LOW HITPOINT WARNING * * *
You climb upwards.
There is a stone staircase leading down here.
Casting: Magic Dart (safe; 11% risk of failure)
Confirm with . or Enter, or press ? or * to list all spells.
Aiming: Magic Dart (safe; 11% risk of failure)
Press: ? - help, Shift-Dir - straight line, f - gnoll
Aim: a gnoll, wielding a +2 flail of holy wrath (almost dead, 100% to hit)
The magic dart hits the gnoll.
You kill the gnoll!
The gnoll hits you with a +0 club!
* * * LOW HITPOINT WARNING * * *
Your Summonings skill increases to level 1!
Casting: Magic Dart (safe; 11% risk of failure)
Confirm with . or Enter, or press ? or * to list all spells.
You miscast Call Imp.
You are very lightly contaminated with residual magic.
Nothing appears to happen.
The gnoll completely misses you.
Casting: Call Imp (safe; 19% risk of failure)
Confirm with . or Enter, or press ? or * to list all spells.
You don't have enough magic to cast this spell.
You hit the gnoll.
The gnoll is lightly wounded.
The gnoll hits you with a +0 club.
* * * LOW HITPOINT WARNING * * *
The gnoll barely misses you.
You hit the gnoll.
The gnoll is heavily wounded.
The gnoll hits you with a +0 club!
You die...

....##.♣ ♣........##
....##.♣ ♣...##....#
###.##.♣♣♣♣♣...##...##
#.....♣♣........###
#####......#....####
####...........#
#........####
##....)..####
###.....@....#
#.......g.##.#
##.....#.....#
#.#.........#
#...........#
#.#.....###.#
###..##.# ### ##....#
######


You could see a gnoll.

Vanquished Creatures
  2 gnolls (D:1)
  A dart slug (D:1)
  2 endoplasms (D:1)
  3 goblins
  A quokka (D:1)
  2 ball pythons
  2 frilled lizards (D:1)
  4 kobolds (D:1)
  5 rats (D:1)
22 creatures vanquished.

Notes
Turn   | Place    | Note
-------+----------+-------------------------------------------
     0 | D:1      | Autsider the Oni Hedge Wizard began the quest for the Orb.
     0 | D:1      | Reached XP level 1. HP: 16/16 MP: 5/5
    28 | D:1      | Reached skill level 1 in Fighting
    28 | D:1      | Reached skill level 1 in Conjurations
    28 | D:1      | Reached XP level 2. HP: 10/27 MP: 3/6
    44 | D:1      | Hope I get forgiven for forgetting to unequip dagger and
                  | armour
   700 | D:1      | Reached XP level 3. HP: 35/35 MP: 5/8
   821 | D:1      | Learned a level 2 spell: Call Imp
   824 | D:1      | Learned a level 2 spell: Blink
   828 | D:1      | Learned a level 3 spell: Mephitic Cloud
  1045 | D:1      | Reached skill level 1 in Summonings
  1047 | D:1      | Mangled by a gnoll

Illustrated notes

#..ß.ß..'.....#
##.....########
#.....# #.ß.ß.#
#.....# #.....#
#.ß.ß.# ###[###
#@# #.#
....g...#
.....#### r...
#.# #


Turn 44 on D:1: Hope I get forgiven for forgetting to unequip dagger and armour

Levels and vault maps discovered:
D:1:      elethiomel_arrival_quiet, layout_basic, nrook_campfire
D:2:      layout_loops_corners

Skill      XL: |  1  2  3 |
---------------+----------+-----
Fighting       | 1 2 |  2.3
Conjurations   | 1 |  1.4
Dodging        | 2 |  2.2
Summonings     | 1 |  1.0
Stealth        | |  1.4
Spellcasting   | |  3.9
Translocations | |  0.8

Action                     || total
---------------------------++-------
  Melee: Dagger            ||    13
         Headbutt          ||     2
         Unarmed           ||     6
         Club              ||     6
   Cast: Magic Dart        ||    54
    Use: Scroll            ||     1
   Stab: Sleeping          ||     1
 Armour: Robe              ||     6
         Skin              ||    17
  Dodge: Dodged            ||    14

Table legend: (Time is in decaauts)
 A = Elapsed time spent in this place.
 B = Non-inter-level travel time spent in this place.
 C = Inter-level travel time spent in this place.
 D = Time resting spent in this place.
 E = Time spent auto-exploring this place.
 F = Levels seen in this place.
 G = Mean time per level.
                   A        B        C        D        E       F      G
               +--------+--------+--------+--------+--------+-----+--------+
         Total |   1048 |   1009 |     39 |    193 |    663 |   2 |  524.0 |
       Dungeon |   1048 |   1009 |     39 |    193 |    663 |   2 |  524.0 |
               +--------+--------+--------+--------+--------+-----+--------+

Top non-repeatable levels by time:
     D:1: 999 daAuts
     D:2: 48 daAuts
